 Dungeon Crawl Stone Soup version 0.20.1-1-g8b1a95d (webtiles) character file.

7230 Jag the Spear-Bearer (level 11, -19/94 HPs)
             Began as a Merfolk Gladiator on Dec 26, 2017.
             Was a High Priest of Qazlal.
             Demolished by Hylith's ghost (30 damage)
             ... on level 2 of the Orcish Mines.
             The game lasted 01:24:32 (8130 turns).

Jag the Spear-Bearer (Merfolk Gladiator)            Turns: 8130, Time: 01:24:33

Health: -19/94     AC: 13    Str: 18    XL:     11   Next: 12%
Magic:  11/11      EV: 17    Int:  7    God:    Qazlal [*****.]
Gold:   302        SH: 19    Dex: 16    Spells: 10/10 levels left

rFire    + . .     SeeInvis .   b - +2 spear
rCold    x . .     Gourm    .   I - +2 shield
rNeg     . . .     Faith    .   O - +3 leather armour {MR+}
rPois    .         Spirit   .   r - +0 helmet
rElec    .         Reflect  .   (no cloak)
rCorr    .         Harm     .   (no gloves)
MR       +....                  m - +0 pair of boots
Stlth    +.........             h - amulet of regeneration
Regen    0.7/turn               e - ring of fire
MPRegen  0.2/turn               d - ring of wizardry

@: protected from physical damage, drained, repel missiles
A: change form in water, swift swim, stealthy swim, molten scales 1, robust 1
a: Upheaval, Elemental Force, Disaster Area, Renounce Religion


You were on level 2 of the Orcish Mines.
You worshipped Qazlal.
Qazlal was extremely pleased with you.
You were not hungry.

You visited 2 branches of the dungeon, and saw 11 of its levels.

You collected 686 gold pieces.
You spent 384 gold pieces at shops.

Inventory:

Hand Weapons
 b - a +2 spear (weapon)
 B - a +0 trident
 L - a +0 glaive
Missiles
 n - 5 curare-tipped needles
 N - 5 tomahawks of dispersal (quivered)
Armour
 m - a +0 pair of boots (worn)
 r - a +0 helmet (worn)
 t - a +0 ring mail
 y - a +0 leather armour of poison resistance
 I - a +2 shield (worn)
 O - a +3 leather armour of magic resistance (worn)
Jewellery
 d - a ring of wizardry (right hand)
 e - a ring of fire (left hand)
 h - an amulet of regeneration (around neck)
 w - an uncursed amulet of regeneration
 G - an uncursed amulet of regeneration
 H - an uncursed ring of magical power
 J - the ring "Razaph" {*Tele MR+, unknown}
   (You found it on level 6 of the Dungeon)

   [ring of teleportation]

   It may teleport you next to monsters.
   It affects your resistance to hostile enchantments.
Wands
 v - a wand of acid (6/15)
Scrolls
 a - a scroll of immolation {unknown}
 j - 4 scrolls of remove curse
 k - a scroll of teleportation
 l - a scroll of fog
 p - 2 scrolls of amnesia
 z - 3 scrolls of magic mapping
 A - 7 scrolls of identify
Potions
 c - a potion of curing
 o - a potion of haste
 q - a potion of degeneration {unknown}
 s - 2 potions of invisibility
 x - a potion of lignification {unknown}
 E - a potion of brilliance {unknown}
 F - a potion of might
 K - a potion of heal wounds {unknown}
Books
 D - a book of Necromancy

   Spells                             Type                      Level
   a - Pain                           Necromancy                   1
   b - Animate Skeleton               Necromancy                   1
   c - Vampiric Draining              Necromancy                   3
   d - Regeneration                   Charms/Necromancy            3
   e - Animate Dead                   Necromancy                   4
   f - Control Undead                 Necromancy                   4
Comestibles
 f - 3 bread rations
 g - 2 meat rations
 i - a royal jelly


   Skills:
 + Level 7.9(7.6) Fighting
 + Level 13.7(13.4) Polearms
 + Level 2.2(1.9) Throwing
 + Level 3.6(3.3) Armour
 + Level 9.5(9.3) Dodging
 + Level 4.2(3.9) Stealth
 + Level 7.6(7.3) Shields


You had 10 spell levels left.
You didn't know any spells.

Dungeon Overview and Level Annotations

Branches:
Dungeon (9/15)             Temple (0/1) D:5             Orc (2/2) D:9
   Lair: D:8-11         Elf: Orc:2

Altars:
Kikubaaqudgha
Makhleb
Okawaru
Qazlal
Sif Muna
Trog
Uskayaw
Xom

Shops:
D:9 [(

Annotations:
D:6 Menkaure
Orc:2 Hylith's ghost, journeyman MiBe


Innate Abilities, Weirdness & Mutations

You revert to your normal form in water.
You are very nimble and swift while swimming.
You are very stealthy in the water. (Stealth+)
You are partially covered in molten scales. (AC +2)
You are robust. (+10% HP)


Message History

You block Hylith's ghost's attack.
A wraith comes into view.
You hit Hylith's ghost but do no damage.
Hylith's ghost is heavily damaged.
A wraith comes into view.
You closely miss Hylith's ghost.
Hylith's ghost is heavily damaged.
The wraith moves out of view.
Hylith's ghost hits you but does no damage.
You hit Hylith's ghost.
Hylith's ghost is heavily damaged.
Hylith's ghost is engulfed in freezing vapours.
Hylith's ghost says, "They'll have to sweep you off the floor after I'm finished with you!"
You block Hylith's ghost's attack. Hylith's ghost hits you!!
* * * LOW HITPOINT WARNING * * *
There is a stone staircase leading up, spattered with blood here.
Hylith's ghost is engulfed in freezing vapours.
Hylith's ghost hits you!!
You die...

...... .. .......
#< ....... ..
..#........ ..
..... #....#.
....###.##§##
......#....§.###
#.#...#W.#§W#.##
##.....#..W@....#
.......#..#.§..##
#......###
##.##.## ######


You could see 2 wraiths and Hylith's ghost.

Vanquished Creatures
  An ugly thing (D:8)
  A polar bear (D:9)
  A hippogriff (D:7)
  Prince Ribbit (D:5)
  4 yaks
  A wyvern (D:9)
  A hungry ghost (D:8)
  2 porcupines (D:8)
  2 sky beasts (D:6)
  5 orc warriors
  An ice beast (D:9)
  2 necrophages
  4 phantoms
  5 ogres
  4 centaurs
  A big kobold (D:9)
  8 bullfrogs
  A gnoll sergeant (D:9)
  3 scorpions
  A water moccasin skeleton (D:7)
  A water moccasin zombie (D:9)
  7 killer bees (D:9)
  3 howler monkeys
  4 wights (D:9)
  An electric eel (D:9)
  3 crimson imps
  2 bullfrog zombies
  6 hounds
  8 orc priests
  A jelly (D:9)
  A bullfrog skeleton (D:7)
  Terence (D:2)
  7 iguanas
  7 orc wizards
  11 worker ants
  A centaur simulacrum (D:9)
  2 hound zombies
  2 worker ant zombies
  3 gnolls (D:9)
  10 adders
  2 shadow imps
  An ooze (D:4)
  An adder skeleton (D:8)
  An adder zombie (D:5)
  3 worms
  A dart slug (D:3)
  7 leopard geckos
  35 orcs
  6 bats
  8 giant cockroaches
  10 goblins
  4 hobgoblins (D:1)
  24 jackals
  14 kobolds
  2 quokkas
  3 frilled lizards
  A jackal skeleton (D:5)
  A leopard gecko skeleton (D:5)
  A quokka zombie (D:5)
  3 rats
  A fungus (D:8)
259 creatures vanquished.

Vanquished Creatures (others)
  A wizard (D:3)
  An orc wizard (D:7)
2 creatures vanquished.

Grand Total: 261 creatures vanquished

Notes
Turn   | Place    | Note
-------+----------+-------------------------------------------
     0 | D:1      | Jag the Merfolk Gladiator began the quest for the Orb.
     0 | D:1      | Reached XP level 1. HP: 16/16 MP: 1/1
   229 | D:1      | Reached XP level 2. HP: 22/22 MP: 2/2
   297 | D:1      | Reached skill level 5 in Polearms
   405 | D:1      | Reached XP level 3. HP: 28/28 MP: 3/3
   857 | D:2      | Found an iron altar of Okawaru.
   881 | D:2      | Found a stormy altar of Qazlal.
   881 | D:2      | Noticed a water elemental
   886 | D:2      | Noticed a fire elemental
   890 | D:2      | Noticed an earth elemental
   890 | D:2      | Noticed an air elemental
   895 | D:2      | Became a worshipper of Qazlal Stormbringer
   905 | D:2      | Found a deep blue altar of Sif Muna.
  1174 | D:2      | Noticed Terence
  1198 | D:2      | Killed Terence
  1198 | D:2      | Reached XP level 4. HP: 31/35 MP: 4/4
  1245 | D:3      | Reached skill level 6 in Polearms
  1245 | D:3      | Reached skill level 1 in Stealth
  1245 | D:3      | Reached XP level 5. HP: 21/41 MP: 5/5
  1346 | D:3      | Reached skill level 1 in Armour
  1402 | D:3      | Reached XP level 6. HP: 47/47 MP: 6/6
  1405 | D:3      | Found a bloodstained altar of Trog.
  1406 | D:3      | Noticed a wizard
  1412 | D:3      | Killed a wizard
  1431 | D:3      | Reached * piety under Qazlal
  1436 | D:3      | Reached skill level 7 in Polearms
  1446 | D:3      | Reached skill level 5 in Dodging
  2244 | D:4      | Noticed a phantom
  2277 | D:4      | Reached skill level 8 in Polearms
  2329 | D:4      | Found a burning altar of Makhleb.
  2333 | D:4      | Reached XP level 7. HP: 46/52 MP: 7/7
  2511 | D:5      | Entered Level 5 of the Dungeon
  2641 | D:5      | Reached skill level 9 in Polearms
  2764 | D:5      | Reached ** piety under Qazlal
  2825 | D:5      | Noticed Prince Ribbit
  3061 | D:5      | Reached XP level 8. HP: 42/59 MP: 8/8
  3083 | D:5      | HP: 3/61 [scorpion (5)]
  3088 | D:5      | HP: 2/61 [poisoned by a scorpion]
  3094 | D:5      | HP: 2/61 [poisoned by a scorpion]
  3282 | D:5      | Reached skill level 10 in Polearms
  3634 | D:5      | Killed Prince Ribbit
  3634 | D:5      | Reached skill level 5 in Fighting
  3725 | D:5      | Found a staircase to the Ecumenical Temple.
  4137 | D:6      | Reached skill level 1 in Shields
  4158 | D:6      | Found a shimmering altar of Xom.
  4376 | D:6      | Reached skill level 11 in Polearms
  4376 | D:6      | Reached XP level 9. HP: 67/69 MP: 9/9
  4560 | D:6      | Reached *** piety under Qazlal
  4566 | D:6      | Got a fine silver ring
  4723 | D:6      | Noticed Menkaure
  4881 | D:7      | Found a hide-covered altar of Uskayaw.
  4960 | D:7      | Reached skill level 12 in Polearms
  5008 | D:7      | Found an ancient bone altar of Kikubaaqudgha.
  5402 | D:8      | Reached XP level 10. HP: 68/77 MP: 10/10
  5641 | D:8      | Reached skill level 5 in Shields
  5826 | D:8      | Noticed a purple ugly thing
  5842 | D:8      | Killed a purple ugly thing
  5987 | D:8      | Reached skill level 13 in Polearms
  6259 | D:9      | Reached **** piety under Qazlal
  6335 | D:9      | Found a staircase to the Orcish Mines.
  6338 | D:9      | Found Tejachix's Armour Boutique.
  6385 | D:9      | Bought a +3 leather armour of magic resistance for 384 gold pieces
  6803 | D:9      | Gained mutation: You have a pair of small antennae on your head. [potion of mutation]
  6803 | D:9      | Gained mutation: Your flesh is heat resistant. (rF+) [potion of mutation]
  6804 | D:9      | Lost mutation: Your flesh is heat resistant. (rF+) [potion of mutation]
  6804 | D:9      | Lost mutation: You have a pair of small antennae on your head. [potion of mutation]
  6804 | D:9      | Gained mutation: You are robust. (+10% HP) [potion of mutation]
  6804 | D:9      | Gained mutation: You are partially covered in molten scales. (AC +2) [potion of mutation]
  6887 | D:9      | Found Qeddaefoa's Weapon Shop.
  7313 | D:9      | Reached XP level 11. HP: 71/93 MP: 11/11
  7576 | Orc:1    | Entered Level 1 of the Orcish Mines
  7645 | Orc:1    | Reached ***** piety under Qazlal
  8015 | Orc:2    | Entered Level 2 of the Orcish Mines
  8025 | Orc:2    | Noticed Hylith's ghost (journeyman MiBe)
  8130 | Orc:2    | Demolished by Hylith's ghost

Skill      XL: |  1  2  3  4  5  6  7  8  9 10 |
---------------+-------------------------------+-----
Polearms       | 5 6 8 9 11 12 13 | 13.7
Fighting       | 3 4 5 6 7 |  7.9
Stealth        | 1 2 3 4 |  4.2
Armour         | 1 2 3 |  3.6
Dodging        | 5 6 8 9 |  9.5
Shields        | 1 4 7 |  7.6
Throwing       | |  2.2

Action                   |  1- 3 |  4- 6 |  7- 9 | 10-12 || total
-------------------------+-------+-------+-------+-------++-------
Melee: Trident           |   140 |   214 |   540 |   423 ||  1317
       Spear             |       |       |       |   168 ||   168
Throw: Throwing net      |     3 |       |     2 |       ||     5
Evoke: Wand              |       |       |     1 |     1 ||     2
  Use: Scroll            |     1 |     3 |     5 |     2 ||    11
       Potion            |       |     1 |     5 |     5 ||    11
 Stab: Sleeping          |     1 |     1 |       |       ||     2
       Held in net/web   |     2 |       |     1 |       ||     3
       Distracted        |       |     1 |       |       ||     1
  Eat: Fruit             |     1 |     3 |     2 |     4 ||    10
       Royal jelly       |       |     1 |       |       ||     1
       Chunk             |       |       |     2 |       ||     2
       Meat ration       |       |       |     2 |     1 ||     3
       Bread ration      |       |       |     1 |       ||     1
Armor: Leather armour    |    31 |    36 |    65 |    39 ||   171
Dodge: Dodged            |    91 |   142 |   201 |   142 ||   576
       Deflected         |       |       |       |     1 ||     1
Block: Other             |       |     2 |    13 |       ||    15
       Shield            |       |       |   156 |   421 ||   577
